 Dungeon Crawl Stone Soup version 0.28-a0-687-gb91baff9cc (webtiles) character file.

Game seed: 18017199484058457054

75 mordus the Shield-Bearer (level 4, -3/35 HPs)
             Began as a Formicid Fighter on Oct 19, 2021.
             Slain by Natasha (6 damage)
             ... on level 3 of the Dungeon.
             The game lasted 00:02:25 (1960 turns).

mordus the Shield-Bearer (Formicid Fighter)         Turns: 1960, Time: 00:02:26

Health: -3/35      AC:  7    Str: 21    XL:     4   Next: 55%
Magic:  4/4        EV:  9    Int:  8    God:
Gold:   107        SH:  4    Dex: 10    Spells: 3/3 levels left

rFire   . . .      SeeInvis +   a - +0 flail
rCold   . . .      Faith    .   c - +0 buckler
rNeg    . . .      Spirit   .   b - +0 scale mail
rPois   .          Reflect  .   (helmet unavailable)
rElec   .          Harm     .   (no cloak)
rCorr   .          Rampage  .   (no gloves)
Will    .....                   (no boots)
Stlth   ..........              (no amulet)
HPRegen 0.11/turn               (no ring)
MPRegen 0.09/turn               (no ring)

@: no status effects
A: permanent stasis, dig shafts and tunnels, antennae 3, four strong arms
a: Dig, Shaft Self


You were on level 3 of the Dungeon.
You visited 1 branch of the dungeon, and saw 3 of its levels.

You collected 107 gold pieces.

Inventory:

Hand Weapons
 a - a +0 flail (weapon)
Armour
 b - a +0 scale mail (worn)
 c - a +0 buckler (worn)
Scrolls
 e - a scroll of immolation {unknown}
 h - a scroll of teleportation {unknown}
 i - 2 scrolls of identify {unknown}
 j - a scroll of enchant armour {unknown}
 l - a scroll of vulnerability {unknown}
 m - a scroll of enchant weapon {unknown}
Potions
 d - 2 potions of might
 f - a potion of curing {unknown}
 g - 2 potions of flight {unknown}
 k - a potion of magic {unknown}


   Skills:
 - Level 3.2 Fighting
 * Level 3.4 Maces & Flails
 + Level 3.9 Armour
 + Level 4.3 Shields


You had 3 spell levels left.
You didn't know any spells.
Your spell library was empty.

Dungeon Overview and Level Annotations

Branches:
Dungeon (3/15)

Altars:

Annotations:
D:3 Natasha


Innate Abilities, Weirdness & Mutations

You cannot be hasted, slowed, berserked, paralysed or teleported.
You can dig through walls and to a lower floor.
You have a pair of large antennae on your head. (SInv)
Your four strong arms can wield two-handed weapons with a shield.


Message History

You block Natasha's attack.
You hit Natasha but do no damage.
Natasha is lightly wounded.
Natasha claws you.
You barely miss Natasha.
Natasha is lightly wounded.
Natasha claws you but does no damage.
You closely miss Natasha.
Natasha is lightly wounded.
You block Natasha's attack.
Natasha mumbles some strange words.
Natasha glows brightly for a moment.
Natasha closely misses you.
You hit Natasha but do no damage.
Natasha is lightly wounded.
Natasha misses you.
You hit Natasha.
Natasha is lightly wounded.
Natasha misses you.
You closely miss Natasha.
Natasha is lightly wounded.
Natasha claws you but does no damage.
You closely miss Natasha.
Natasha is lightly wounded.
Natasha claws you! Natasha claws you.
* * * LOW HITPOINT WARNING * * *
You hit Natasha.
Natasha is moderately wounded.
Natasha claws you.
* * * LOW HITPOINT WARNING * * *
You closely miss Natasha.
Natasha is moderately wounded.
Natasha mumbles some strange words.
You hit Natasha.
Natasha is heavily wounded.
Natasha claws you but does no damage.
You hit Natasha but do no damage.
Natasha is heavily wounded.
Natasha claws you.
You die...

#.# #.# #.# #.# #.# #.#
#######.#############.#
.............(..@h5...#
#######.###############
#.# #.# ### #.####<#
#......# #.####.# ###
###


You could see Natasha and a crimson imp (summoned).

Vanquished Creatures
  3 adders (D:2)
  A worm (D:2)
  A dart slug (D:1)
  4 ball pythons
  2 endoplasms
  2 giant cockroaches (D:1)
  6 goblins
  2 hobgoblins
  4 jackals (D:2)
  A quokka (D:2)
  4 bats (D:1)
  4 frilled lizards
  3 kobolds
  5 rats
42 creatures vanquished.

Vanquished Creatures (others)
  36 plants (D:2)
36 creatures vanquished.

Grand Total: 78 creatures vanquished

Notes
Turn   | Place    | Note
-------+----------+-------------------------------------------
     0 | D:1      | mordus the Formicid Fighter began the quest for the Orb.
     0 | D:1      | Reached XP level 1. HP: 18/18 MP: 1/1
   209 | D:1      | Reached XP level 2. HP: 24/24 MP: 2/2
   567 | D:1      | Reached skill level 4 in Shields
   567 | D:1      | Reached XP level 3. HP: 29/29 MP: 3/3
  1073 | D:2      | Found a faded altar of an unknown god.
  1108 | D:2      | Reached XP level 4. HP: 30/35 MP: 4/4
  1941 | D:3      | Noticed Natasha
  1960 | D:3      | Slain by Natasha

Illustrated notes

Levels and vault maps discovered:
D:1:      nagdon_arrival_double_spiral, layout_rooms, serial_bayou_crossing
D:2:      layout_rooms, hellmonk_ecumenical_altar_run_dry, kennysheep_boxes
D:3:      layout_basic, mainiacjoe_overflow_small_starburst, uniq_natasha,
          uniq_crazy_yiuf_cottage

Skill      XL: |  1  2  3 |
---------------+----------+-----
Shields        | 4 |  4.3
Maces & Flails | 3 |  3.4
Fighting       | |  3.2
Armour         | |  3.9

Action                   |  1- 3 |  4- 6 || total
-------------------------+-------+-------++-------
Melee: Flail             |    93 |    70 ||   163
Armor: Scale mail        |    43 |    38 ||    81
Dodge: Dodged            |    56 |    38 ||    94
Block: Buckler           |    26 |    23 ||    49

Table legend: (Time is in decaauts)
 A = Elapsed time spent in this place.
 B = Non-inter-level travel time spent in this place.
 C = Inter-level travel time spent in this place.
 D = Time resting spent in this place.
 E = Time spent auto-exploring this place.
 F = Levels seen in this place.
 G = Mean time per level.
                   A        B        C        D        E       F      G
               +--------+--------+--------+--------+--------+-----+--------+
         Total |   2009 |   1965 |     44 |    162 |   1471 |   3 |  669.7 |
       Dungeon |   2009 |   1965 |     44 |    162 |   1471 |   3 |  669.7 |
               +--------+--------+--------+--------+--------+-----+--------+

Top non-repeatable levels by time:
     D:2: 1056 daAuts
     D:1: 914 daAuts
     D:3: 39 daAuts
